 Dungeon Crawl Stone Soup version 0.30-a0-571-gdf30a72648 (webtiles) character file.

Game seed: 10797856689818618873

725 IdlyInterested the Cudgeller (level 7, -5/42 (49) HPs)
             Began as a Demonspawn Gladiator on Dec 29, 2022.
             Slain by a wight
             ... wielding a +0 flail
              (8 damage)
             ... on level 5 of the Dungeon.
             The game lasted 00:10:42 (3782 turns).

IdlyInterested the Cudgeller (Demonspawn Gladiator) Turns: 3782, Time: 00:10:42

HP:   -5/42 (49)    AC: 10    Str: 20    XL:     7   Next: 43%
MP:   7/7           EV:  8    Int:  9    God:
Gold: 218           SH:  0    Dex: 13    Spells: 6/6 levels left

rFire   . . .      SeeInvis .    a - +1 flail
rCold   . . .      Faith    .    (no shield)
rNeg    + . .      Spirit   .    b - +0 chain mail
rPois   .          Reflect  .    (helmet restricted)
rElec   .          Harm     .    (no cloak)
rCorr   .          Rampage  .    k - +0 pair of gloves
Will    .....                    (no boots) Stlth
                                 (no amulet)
HPRegen 0.27/turn                v - ring of positive energy
MPRegen 0.10/turn                (no ring)

@: heavily drained
A: hooves 2, foul stench 1, horns 1, frail 1, strong 1
a: no special abilities


You were on level 5 of the Dungeon.
You visited 1 branch of the dungeon, and saw 5 of its levels.

You collected 218 gold pieces.

Inventory:

Hand Weapons
 a - a +1 flail (weapon)
Missiles
 d - 3 throwing nets
 e - a javelin
 h - 49 stones (quivered)
 o - 19 poisoned darts
 p - 3 silver boomerangs
Armour
 b - a +0 chain mail (worn)
 c - a +0 helmet
 k - a +0 pair of gloves (worn)
 n - a +0 helmet
Jewellery
 r - a ring of wizardry
 v - a ring of positive energy (left hand)
Scrolls
 f - 2 scrolls of butterflies
 l - 5 scrolls of teleportation
 s - a scroll of amnesia
Potions
 g - 2 potions of mutation
 i - a potion of brilliance {unknown}
 m - a potion of flight {unknown}
 q - a potion of lignification
 u - a potion of cancellation {unknown}
 w - a potion of curing {unknown}


   Skills:
 * Level 4.9 Fighting
 + Level 5.8 Maces & Flails
 - Level 1.7 Throwing
 - Level 3.0 Armour
 - Level 3.0 Dodging
 * Level 0.7 Stealth


You had 6 spell levels left.
You didn't know any spells.
Your spell library contained the following spells:

 Spells                   Type           Power      Damage    Failure   Level
 Inner Flame              Hex/Fire       0%         N/A       100%        3
 Flame Wave               Conj/Fire      0%         2d4       100%        4
 Sticky Flame             Conj/Fire      0%         2d3       100%        4
 Alistair's Intoxication  Tmut/Pois      0%         N/A       100%        5
 Borgnjor's Vile Clutch   Necr/Erth      0%         N/A       100%        5
 Eringya's Noxious Bog    Tmut/Pois      0%         N/A       100%        6


Dungeon Overview and Level Annotations

Branches:
Dungeon (5/15)
 Temple: D:4-7

Altars:
Dithmenos
Hepliaklqana

Shops:
D:5 =


Innate Abilities, Weirdness & Mutations

You have hoof-like feet.
You may rarely emit foul miasma when damaged in melee.
You have a pair of small horns on your head.
You are frail. (-10% HP)
Your muscles are strong. (Str +4, Int/Dex -1)


Message History

You closely miss the wight. You kick the wight, but do no damage.
The wight is heavily damaged.
The wight hits you but does no damage. x2
You hit the wight.
The wight is almost destroyed.
The wight hits you but does no damage. The wight hits you with a +3 spear!
You partially resist.
You feel drained.
You sock the wight!
You destroy the wight!
The wight hits you with a +0 flail.
* * * LOW HITPOINT WARNING * * *
You closely miss the wight. You punch the wight, but do no damage.
The wight is moderately damaged.
The wight hits you but does no damage. x2
You hit the wight. Your kick misses the wight.
You headbutt the wight, but do no damage.
The wight is heavily damaged.
The wight barely misses you.
You hit the wight. You kick the wight, but do no damage.
The wight is heavily damaged.
The wight barely misses you.
You hit the wight. You kick the wight, but do no damage.
You headbutt the wight, but do no damage.
The wight is severely damaged.
The wight hits you with a +0 flail.
* * * LOW HITPOINT WARNING * * *
You partially resist.
You feel drained.
* * * LOW HITPOINT WARNING * * *
Okay, then.
You closely miss the wight. You kick the wight, but do no damage.
The wight is severely damaged.
The wight hits you but does no damage.
You barely miss the wight.
The wight is severely damaged.
The wight hits you with a +0 flail.
* * * LOW HITPOINT WARNING * * *
You closely miss the wight. Your headbutt misses the wight.
The wight is severely damaged.
The wight hits you with a +0 flail!
You die...

#.. ##......#
####### ###..
#.......#.......#
+....
#.......#.......#
#....
#......#.......#
#....
#....$.#.......#
#..<.
#......##......#
#....
#.....z##......#
#....
#......@)......#
#....
#......##)....##
###..
+..../.##.....###
###
#......#........#
.
###+#####.......#
.
........#.......#
..
........#.......#
..
................#
..
....###.........#
.


You could see a wight.

Vanquished Creatures
  Sigmund (D:5)
  A water moccasin (D:4)
  A phantom (D:4)
  2 wights (D:5)
  A vampire bat (D:3)
  An iguana (D:4)
  4 adders (D:2)
  3 gnolls (D:4)
  A dart slug (D:1)
  8 orcs
  2 spectral bats (D:3)
  3 ball pythons
  15 bats
  3 bat skeletons (D:3)
  A bat zombie (D:3)
  2 endoplasms
  3 fire bats (D:3)
  3 giant cockroaches
  2 hobgoblins (D:2)
  4 jackals (D:4)
  4 kobolds
  2 quokkas
  A bat simulacrum (D:3)
  5 frilled lizards
  10 goblins
  4 rats
87 creatures vanquished.

Notes
Turn   | Place    | Note
-------+----------+-------------------------------------------
     0 | D:1      | IdlyInterested the Demonspawn Gladiator began the quest for
                  | the Orb.
     0 | D:1      | Reached XP level 1. HP: 16/16 MP: 1/1
   126 | D:1      | Gained mutation: You have large cloven feet. [demonic
                  | ancestry]
   126 | D:1      | Reached XP level 2. HP: 22/22 MP: 2/2
   210 | D:1      | Reached skill level 3 in Maces & Flails
   713 | D:2      | Reached skill level 1 in Armour
   713 | D:2      | Reached XP level 3. HP: 25/28 MP: 3/3
   758 | D:2      | Gained mutation: You are frail. (-10% HP) [potion of
                  | mutation]
   758 | D:2      | Gained mutation: Your muscles are strong. (Str +4, Int/Dex
                  | -1) [potion of mutation]
   758 | D:2      | Gained mutation: You have a pair of small horns on your
                  | head. [potion of mutation]
  1322 | D:2      | Reached XP level 4. HP: 30/30 MP: 4/4
  1751 | D:3      | Found a shadowy altar of Dithmenos.
  1751 | D:3      | Noticed a shadow
  1861 | D:3      | Found a hazy altar of Hepliaklqana.
  2255 | D:3      | Reached skill level 4 in Maces & Flails
  2255 | D:3      | Reached XP level 5. HP: 34/36 MP: 5/5
  2352 | D:4      | Noticed a water moccasin
  2367 | D:4      | Killed a water moccasin
  2368 | D:4      | Gained mutation: You have hoof-like feet. [demonic
                  | ancestry]
  2368 | D:4      | Reached XP level 6. HP: 24/43 MP: 6/6
  3244 | D:4      | Reached skill level 5 in Maces & Flails
  3503 | D:5      | Entered Level 5 of the Dungeon
  3571 | D:5      | Noticed Sigmund
  3571 | D:5      | Found Bazej's Jewellery Boutique.
  3589 | D:5      | Killed Sigmund
  3590 | D:5      | Gained mutation: You may rarely emit foul miasma when
                  | damaged in melee. [demonic ancestry]
  3590 | D:5      | Reached XP level 7. HP: 16/49 MP: 7/7
  3782 | D:5      | Slain by a wight

Illustrated notes

Levels and vault maps discovered:
D:1:      mrwooster_arrival_arrow, layout_loops_cross
D:2:      layout_basic, minmay_misc_feat_columns, st_stairs_2, hex_tiny
D:3:      layout_rooms, riverfiend_overflow_shadow_ancestor, goddamned_bats
D:4:      layout_basic
D:5:      layout_gridville, mainiacjoe_overflow_small_starburst,
          lemuel_temple_firewalk_b, serial_shops, shop, fountainhead,
          uniq_pikel, uniq_blork_the_orc, uniq_crazy_yiuf_cottage, uniq_duvessa,
          uniq_sigmund

Skill      XL: |  1  2  3  4  5  6 |
---------------+-------------------+-----
Maces & Flails | 3 4 5 |  5.8
Armour         | 1 2 3 |  3.0
Fighting       | 3 4 |  4.9
Dodging        | 3 |  3.0
Throwing       | |  1.7
Stealth        | |  0.7

Action                   |  1- 3 |  4- 6 |  7- 9 || total
-------------------------+-------+-------+-------++-------
Melee: Flail             |   100 |   146 |    19 ||   265
       Kick              |    11 |    34 |     5 ||    50
       Headbutt          |     5 |    20 |     5 ||    30
       Punch             |     1 |       |     1 ||     2
Throw: Stone             |       |     4 |       ||     4
  Use: Scroll            |     6 |     3 |     1 ||    10
       Potion            |     2 |     4 |     2 ||     8
 Stab: Sleeping          |     1 |       |       ||     1
Armor: Leather armour    |    52 |       |       ||    52
       Chain mail        |       |   118 |     9 ||   127
       Ring mail         |       |     9 |       ||     9
Dodge: Dodged            |    93 |    90 |     7 ||   190

Table legend: (Time is in decaauts)
 A = Elapsed time spent in this place.
 B = Non-inter-level travel time spent in this place.
 C = Inter-level travel time spent in this place.
 D = Time resting spent in this place.
 E = Time spent auto-exploring this place.
 F = Levels seen in this place.
 G = Mean time per level.
                   A        B        C        D        E       F      G
               +--------+--------+--------+--------+--------+-----+--------+
         Total |   3837 |   3274 |    563 |    330 |   1972 |   5 |  767.4 |
       Dungeon |   3837 |   3274 |    563 |    330 |   1972 |   5 |  767.4 |
               +--------+--------+--------+--------+--------+-----+--------+

Top non-repeatable levels by time:
     D:3: 1036 daAuts
     D:2: 970 daAuts
     D:4: 894 daAuts
     D:1: 689 daAuts
     D:5: 246 daAuts
